[Event "Satka Autumn 2020"]
[Site "Satka"]
[Date "2020.10.21"]
[Round "1.3"]
[White "Petrukhina, Olga"]
[Black "Voit, Daria"]
[Result "0-1"]
[ECO "D78"]
[WhiteElo "2109"]
[BlackElo "2343"]
[Annotator "RC"]
[PlyCount "100"]
[EventDate "2020.10.21"]
[EventType "swiss"]
[EventCountry "RUS"]
[SourceTitle "playchess.com"]
[Source "ChessBase"]
[SourceQuality "1"]
[TimeControl "5400+30"]

1. Nf3 d5 2. g3 Nf6 3. Bg2 c6 4. c4 g6 5. O-O Bg7 6. d4 O-O 7. Qb3 Qb6 8. Nc3 Rd8 9. h3 h6 10. c5 Qxb3 11. axb3 Na6 12. g4 Nd7 13. Rd1 Re8 14. Bd2 e5 15. e3 exd4 16. exd4 Nc7 17. Bf1 Ne6 18. Be3 a6 19. b4 Rb8 20. Bd3 Ndf8 21. Ne2 g5 22. Ng3 Ng6 23. Nf5 Nef4 24. Nd6 Nxh3+ 25. Kh2 Bxg4 26. Bxg6 fxg6 27. Nxe8 Rxe8 28. Kg3 h5 29. Rd2 Bxf3 30. Kxf3 g4+ 31. Kg2 g5 32. b5 axb5 33. Ra7 Re7 34. Ra8+ Kf7 35. Rb8 h4 36. b3 Kg6 37. Ra2 Nf4+ 38. Bxf4 gxf4 39. f3 Kf5 40. fxg4+ Kxg4 41. Rg8 f3+ 42. Kh2 Re2+ 43. Rxe2 fxe2 44. Rxg7+ Kf3 45. Re7 Kf2 46. Rxb7 e1=Q 47. Rf7+ Ke2 48. Re7+ Kd2 49. Rxe1 Kxe1 50. Kh3 Kd2 0-1

[Event "Satka Autumn 2020"]
[Site "Satka"]
[Date "2020.10.23"]
[Round "3.12"]
[White "Nasybullina, Dayana"]
[Black "Stroganova, Karina"]
[Result "1/2-1/2"]
[ECO "B01"]
[WhiteElo "1802"]
[BlackElo "1825"]
[Annotator "NA RC"]
[PlyCount "98"]
[EventDate "2020.10.21"]
[EventType "swiss"]
[EventCountry "RUS"]
[SourceTitle "playchess.com"]
[Source "ChessBase"]
[SourceQuality "1"]
[TimeControl "5400+30"]

1. e4 d5 2. exd5 Qxd5 3. d4 Nf6 4. Nf3 g6 5. Be2 Bg7 6. O-O O-O {[%emt 0:00:06] B01: Scandinavian Defence.} 7. Bf4 (7. c4 $16 Qd8 8. Nc3) 7... Qd8 8. c3 {[%emt 0:00:54] [#]} Nc6 $146 ({Predecessor:} 8... Nbd7 9. Re1 b6 10. Ne5 Bb7 11. Bf3 Bxf3 12. Qxf3 Nxe5 13. Bxe5 Qd7 14. Na3 c6 {1-0 (28) Seils,J (2345)-Kauschmann,H (2220) Berlin 1993}) 9. Ne5 Nxe5 10. Bxe5 c6 11. a4 b6 12. Bf3 Bb7 13. Nd2 Qd7 14. a5 c5 15. axb6 axb6 16. Qb3 Bxf3 17. Nxf3 Qc6 18. Qc4 Ne4 19. dxc5 Nxc5 20. Bxg7 Kxg7 21. b4 Qe4 22. Qb5 Rxa1 23. Rxa1 Nb3 ({Black should play} 23... Qd3 $11 24. Qxb6 Qxc3) 24. Re1 Qc2 25. Qe5+ Kg8 26. h4 h5 (26... Nd2 $11 {keeps the balance.}) 27. Qc7 Nd2 (27... e6 $14) 28. Ng5 ({Of course not} 28. Rxe7 $6 Qb1+ 29. Ne1 Ne4 $11) 28... b5 29. Nh3 ({But not} 29. Rxe7 $6 Qb1+ 30. Kh2 Nf1+ 31. Kh1 Ne3+ 32. Kh2 Nd5 $11) ({White should play} 29. Qc5 $16) 29... Ne4 30. Qxe7 Nxc3 31. Nf4 Nd1 $2 (31... Qf5 $1 $11 {and Black has nothing to worry.} 32. g3 Nd5 33. Nxd5 Qxd5) 32. Nxh5 Qxf2+ {[%emt 0:00:16] [#]} 33. Kh1 $2 ({Only move:} 33. Kh2 $1 $18 Qd4 34. Qf6 (34. Nf6+ Kg7 $16) 34... Qxf6 35. Nxf6+ Kg7 36. Nd7 (36. Rxd1 Kxf6 37. Rd5 Rb8 $14)) 33... Nc3 34. Nf6+ Kg7 35. Ne8+ Kh7 {[%emt 0:11:59] [#]} 36. Qe5 $1 Qxh4+ $16 37. Kg1 Kh6 38. Qg7+ Kh5 39. Qxc3 Qd8 40. Qh3+ Kg5 41. Qe3+ Kh5 42. Ng7+ Kh4 43. Qh3+ Kg5 44. Qe3+ Kg4 45. Rf1 Qd6 46. Qe4+ Kg5 47. Ne6+ fxe6 48. Qe3+ Kh5 49. Qh3+ Kg5 1/2-1/2

[Event "Satka Autumn 2020"]
[Site "Satka"]
[Date "2020.10.24"]
[Round "4.4"]
[White "Borisova, Ekaterina"]
[Black "Kovanova, Baira"]
[Result "1-0"]
[ECO "A45"]
[WhiteElo "2292"]
[BlackElo "2324"]
[Annotator "RC"]
[PlyCount "127"]
[EventDate "2020.10.21"]
[EventType "swiss"]
[EventCountry "RUS"]
[SourceTitle "playchess.com"]
[Source "ChessBase"]
[SourceQuality "1"]
[TimeControl "5400+30"]

1. d4 Nf6 2. g3 e6 3. Bg2 d5 4. Nf3 Be7 5. c4 O-O 6. O-O c6 7. Qc2 b6 8. Nbd2 Bb7 9. e4 Na6 10. a3 c5 11. exd5 exd5 12. dxc5 Nxc5 13. b4 Nce4 14. Bb2 Rc8 15. Rad1 dxc4 16. Nh4 c3 17. Nxe4 Bxe4 18. Bxe4 cxb2 19. Rxd8 Rfxd8 20. Qxb2 Nxe4 21. Qe5 Bxh4 22. Qxe4 Bf6 23. Qb7 Ra8 24. b5 Rdb8 25. Qa6 Rc8 26. Rd1 Rc7 27. Rd6 Rd8 28. Rxd8+ Bxd8 29. Qa4 h6 30. Qf4 Rd7 31. Qb8 Kf8 32. Kg2 h5 33. Kf3 g6 34. Ke4 Ke8 35. f4 f5+ 36. Kf3 Kf7 37. Qc8 Ke7 38. Qc3 Kf7 39. Qc4+ Kf8 40. Qe6 Rg7 41. Qd6+ Ke8 42. a4 Be7 43. Qc6+ Kf7 44. Qb7 Kg8 45. Qxa7 Bc5 46. Qa8+ Kh7 47. Qd5 Ra7 48. Qc4 Kg7 49. h3 Kh7 50. g4 hxg4+ 51. hxg4 fxg4+ 52. Kxg4 Kg7 53. Qe4 Kh7 54. a5 Rxa5 55. Kg5 Ra7 56. Qxg6+ Kh8 57. Qe8+ Kh7 58. f5 Rg7+ 59. Kf6 Kh6 60. Qh8+ Rh7 61. Qg8 Bd4+ 62. Ke6 Rg7 63. Qh8+ Kg5 64. Qh2 1-0

[Event "Satka Autumn 2020"]
[Site "Satka"]
[Date "2020.10.24"]
[Round "4.12"]
[White "Stroganova, Karina"]
[Black "Alekseeva, Irina"]
[Result "0-1"]
[ECO "A01"]
[WhiteElo "1825"]
[BlackElo "2110"]
[Annotator "ChessBase"]
[PlyCount "102"]
[EventDate "2020.10.21"]
[EventType "swiss"]
[EventCountry "RUS"]
[SourceTitle "playchess.com"]
[Source "ChessBase"]
[SourceQuality "1"]
[TimeControl "5400+30"]

1. b3 d5 2. Bb2 c5 3. e3 Nc6 4. Bb5 Qc7 5. f4 Nf6 6. Nf3 Bg4 7. O-O O-O-O 8. Bxc6 Qxc6 9. Ne5 Bxd1 10. Nxc6 bxc6 11. Rxd1 d4 12. exd4 cxd4 13. Na3 e6 14. Nc4 Bc5 15. Kf1 Kc7 16. a3 d3 17. b4 dxc2 18. Rdc1 Bd4 19. Rxc2 Bxb2 20. Nxb2 Rd4 21. g3 Rhd8 22. Nc4 Ne4 23. Ke2 h5 24. Rac1 f5 25. Ne5 Rxd2+ 26. Ke3 Rxc2 27. Rxc2 Rd6 28. a4 Nf6 29. b5 Nd5+ 30. Ke2 Nb4 31. Rc4 a5 32. bxa6 Nxa6 33. h3 c5 34. g4 hxg4 35. hxg4 Rb6 36. Nd3 Kd6 37. Rc1 Kd5 38. gxf5 exf5 39. Rg1 c4 40. Ne5 Rb4 41. a5 Ke4 42. Rxg7 Kxf4 43. Nc6 Rb2+ 44. Kd1 Nc5 45. Rc7 c3 46. Nd4 Rd2+ 47. Kc1 Nd3+ 48. Kb1 Nb4 49. Nb3 Rb2+ 50. Kc1 Rxb3 51. Rc8 c2 0-1

[Event "Satka Autumn 2020"]
[Site "Satka"]
[Date "2020.10.24"]
[Round "4.13"]
[White "Baranova, Elizaveta"]
[Black "Nasybullina, Dayana"]
[Result "1-0"]
[ECO "B80"]
[WhiteElo "1794"]
[BlackElo "1802"]
[Annotator "NA RC"]
[PlyCount "63"]
[EventDate "2020.10.21"]
[EventType "swiss"]
[EventCountry "RUS"]
[SourceTitle "playchess.com"]
[Source "ChessBase"]
[SourceQuality "1"]
[TimeControl "5400+30"]

1. e4 c5 2. Nf3 e6 3. d4 cxd4 4. Nxd4 Nf6 5. Nc3 d6 6. Be3 Be7 7. f3 a6 8. Qd2 b5 9. g4 h6 {[%emt 0:00:28] B80: Sicilian Scheveningen: 6 g3 and 6 Be3, including English Attack.} 10. Be2 Bb7 (10... b4 $11 {keeps the balance.} 11. Na4 Bd7) 11. O-O-O Nc6 {[%emt 0:01:29] [#]} 12. h4 $1 {[%emt 0:05:48] [#]} Nxd4 $146 ({Predecessor:} 12... Nd7 13. Nxc6 Bxc6 14. g5 h5 15. Bf4 b4 16. Bxd6 bxc3 17. Qxc3 Ba4 18. Qxg7 Rf8 {1-0 (25) Gawel,L-Broza,A Poland 2002}) 13. Qxd4 e5 14. Qd2 Qa5 15. a3 O-O-O 16. Kb1 Kb8 17. Ba7+ Kxa7 18. Nxb5+ Kb6 19. b4 Qa4 20. Qe3+ Kc6 21. Qc3+ Kd7 22. Qc7+ Ke8 23. Qxb7 Kf8 24. Na7 (24. Nc7 $18 {and White stays clearly on top.}) 24... Rd7 25. Qb8+ (25. Qb6 $142) 25... Rd8 $2 {[%emt 0:01:29] [#]} (25... Ne8 $16 {was worth a try.}) 26. Qb6 $1 Nd7 27. Qc7 ({And not} 27. Qxa6 Qxa6 28. Bxa6 Ra8 $15) 27... Qxa3 $2 (27... Nb8 28. Nc8 Qd7 29. Qxd7 (29. Qxb8 Rxc8 30. Qb6 Rc6 $16) 29... Rxd7) 28. Nc6 Ke8 29. Rxd6 f6 30. Rhd1 Bxd6 31. Qxd8+ Kf7 32. Qxd7+ 1-0

[Event "Satka Autumn 2020"]
[Site "Satka"]
[Date "2020.10.27"]
[Round "7.12"]
[White "Filippova, Margarita"]
[Black "Vanishvili, Mari"]
[Result "1-0"]
[ECO "A41"]
[WhiteElo "1896"]
[BlackElo "1878"]
[Annotator "NA RC"]
[PlyCount "87"]
[EventDate "2020.10.21"]
[EventType "swiss"]
[EventCountry "RUS"]
[SourceTitle "playchess.com"]
[Source "ChessBase"]
[SourceQuality "1"]
[TimeControl "5400+30"]

1. d4 d6 2. Nf3 f5 3. g3 g6 4. Bg2 Bg7 5. O-O Nf6 6. c3 O-O 7. Qb3+ {[%emt 0:01:16] 7.Qb3+ scores better than 7.Nbd2.} Kh8 8. Ng5 d5 {[%emt 0:00:08] A81: Dutch Defence: 2 g3.} 9. Nd2 Nc6 10. Ndf3 h6 11. Nh3 g5 12. Ne5 Nxe5 13. dxe5 Ne4 {[%emt 0:08:14] [#]} 14. Rd1 $146 ({White should try Predecessor:} 14. f3 $14 Nc5 15. Qd1 c6 16. Be3 b6 17. b4 Ne6 18. f4 g4 19. Nf2 Bb7 20. Rb1 {0-1 (41) Gutman,L (2530)-Barbero,G (2405) Montpellier 1987}) 14... c6 15. f3 Nc5 16. Qb4 Na6 17. Qd4 e6 18. f4 g4 19. Nf2 Qc7 20. b4 Rd8 21. e4 Bd7 22. exf5 ({Resist} 22. exd5 $6 cxd5 23. a4 Rdc8 $14) 22... exf5 23. Be3 Be6 24. Qd2 b6 25. a4 Bf8 26. Nd3 Rac8 27. Qe2 (27. a5 $16 Nb8 28. Qf2) 27... Nb8 28. Rd2 Be7 ({Better is} 28... c5 $14) 29. Rad1 Qb7 $16 30. Ne1 Nd7 31. Nc2 Nf8 32. Nd4 a6 33. Qd3 Qd7 34. Qxa6 Ra8 35. Qxb6 Rxa4 36. Qxc6 Rc8 37. Qxd7 Bxd7 38. e6 Bxe6 39. Nxe6 Nxe6 40. Rxd5 Rxc3 41. Re5 Ra6 42. b5 Ra2 43. Rxe6 Rcc2 44. Bd4+ 1-0

[Event "Satka Autumn 2020"]
[Site "Satka"]
[Date "2020.10.27"]
[Round "7.13"]
[White "Nasybullina, Dayana"]
[Black "Leolko, Ludmila"]
[Result "1/2-1/2"]
[ECO "B71"]
[WhiteElo "1802"]
[BlackElo "1899"]
[Annotator "NA RC"]
[PlyCount "101"]
[EventDate "2020.10.21"]
[EventType "swiss"]
[EventCountry "RUS"]
[SourceTitle "playchess.com"]
[Source "ChessBase"]
[SourceQuality "1"]
[TimeControl "5400+30"]

1. e4 c5 2. Nf3 d6 3. d4 cxd4 4. Nxd4 Nf6 5. Nc3 g6 6. f4 Nc6 7. Nxc6 bxc6 8. e5 Nd7 9. exd6 exd6 10. Qd4 Qf6 {[%emt 0:00:11] B71: Sicilian Dragon: 6 f4.} 11. Be3 Bg7 12. O-O-O d5 13. Qxf6 Nxf6 14. Bc5 {[%emt 0:01:31] [#]} Bf5 $146 ({Predecessor:} 14... Be6 15. Ba6 Kd7 16. Rhe1 Kc7 17. Be2 Nd7 18. Bd4 Bxd4 19. Rxd4 Rhe8 {½-½ (56) Coret Frasquet,J (2300)-Eslon,J (2360) Valencia 1990}) 15. Bd3 Bxd3 16. Rxd3 Kd7 17. Re1 Rhe8 18. Rde3 Rxe3 19. Rxe3 Bf8 20. Bxf8 Rxf8 21. Na4 Ne4 22. Ra3 Rb8 23. Nc3 Rb7 24. Nxe4 dxe4 25. Rh3 Ke6 26. g4 f6 27. Rc3 Kd5 28. b3 h6 29. Kd2 c5 30. Rh3 Rh7 31. Ke3 c4 32. bxc4+ Kxc4 33. Kxe4 a5 34. Ra3 Re7+ 35. Kf3 Ra7 $16 36. Re3 a4 37. a3 Kd5 38. f5 gxf5 39. gxf5 Rc7 40. Kg4 Rxc2 41. h4 Rf2 42. Re6 h5+ 43. Kg3 Rxf5 44. Ra6 Ke4 45. Re6+ Kd3 46. Ra6 Ke3 47. Re6+ Kd2 48. Ra6 Ke2 49. Re6+ Kd2 50. Ra6 Ke3 51. Re6+ 1/2-1/2

[Event "Satka Autumn 2020"]
[Site "Satka"]
[Date "2020.10.28"]
[Round "8.12"]
[White "Shnayder, Violetta"]
[Black "Nikulina, Anastasiya"]
[Result "1-0"]
[ECO "A05"]
[WhiteElo "1917"]
[BlackElo "1604"]
[Annotator "NA"]
[PlyCount "111"]
[EventDate "2020.10.21"]
[EventType "swiss"]
[EventCountry "RUS"]
[SourceTitle "playchess.com"]
[Source "ChessBase"]
[SourceQuality "1"]
[TimeControl "5400+30"]

1. Nf3 Nf6 2. g3 b6 3. Bg2 Bb7 4. O-O g6 5. c4 Bg7 6. d4 O-O 7. Nc3 Ne4 8. Qc2 Nxc3 9. Qxc3 c5 10. Be3 Bxf3 11. Bxf3 Nc6 12. Bxc6 dxc6 13. Rfd1 Qd7 14. Rd3 Rfd8 15. Rad1 Qg4 16. R1d2 (16. f3 $11 {keeps the balance.} Qe6 17. Kf2) 16... Rd7 17. f3 {[%emt 0:04:52] [#]} Qe6 $1 18. Qc2 (18. Qb3 $142 Bxd4 19. Bxd4 cxd4 20. Rxd4 Rxd4 21. Rxd4) 18... cxd4 19. Bf2 Rad8 20. c5 b5 21. b3 a5 22. Kg2 Rd5 23. a3 Rh5 24. h4 Rhd5 25. Rd1 h5 26. Be1 Ra8 27. Bf2 Qd7 28. e4 dxe3 $1 29. Rxd5 cxd5 30. Bxe3 {[%emt 0:00:11] [#]} Qc6 $1 31. Qd2 (31. Bd2 {is a better defense.}) 31... e6 32. Kf2 {[%emt 0:04:34] [#]} (32. Bf2 $142) 32... Qc7 $19 (32... d4 $142 $1 33. Bh6 (33. Bxd4 Rd8) 33... Bxh6 34. Qxh6 Qxc5) 33. Qd3 b4 34. a4 Rc8 35. Rc1 Bc3 36. Kg2 Qc6 37. Bd4 Bxd4 38. Qxd4 Qa6 39. Kf2 Qa7 40. Kg2 Rc6 41. g4 hxg4 42. fxg4 Qe7 43. g5 Rc8 44. Kf3 Rd8 45. Qe5 d4 46. c6 d3 47. c7 Rc8 48. Ke3 Qd7 49. Kd2 Kh7 50. h5 Qe7 51. h6 f6 52. gxf6 Qd7 53. Rc5 Qf7 54. Kxd3 Qd7+ 55. Ke2 Kxh6 56. Qh2# 1-0

[Event "Satka Autumn 2020"]
[Site "Satka"]
[Date "2020.10.28"]
[Round "8.13"]
[White "Shamsutdinova, Karina"]
[Black "Nasybullina, Dayana"]
[Result "0-1"]
[ECO "A41"]
[WhiteElo "1762"]
[BlackElo "1802"]
[Annotator "NA"]
[PlyCount "136"]
[EventDate "2020.10.21"]
[EventType "swiss"]
[EventCountry "RUS"]
[SourceTitle "playchess.com"]
[Source "ChessBase"]
[SourceQuality "1"]
[TimeControl "5400+30"]

1. Nf3 d6 2. d4 Bg4 3. g3 Nf6 4. Bg2 c6 5. c4 Nbd7 6. h3 Bxf3 7. exf3 d5 8. cxd5 Nxd5 9. Nc3 N7f6 10. O-O e6 11. f4 Be7 12. g4 O-O 13. Qf3 Qb6 14. g5 Nd7 (14... Ne8 $1 $15) 15. Nxd5 exd5 16. Be3 f6 17. b3 (17. h4 $11 {remains equal.}) 17... Qc7 ({Better is} 17... fxg5 $17 18. Qg4 {[%mdl 64] Double Attack} gxf4 19. Qxd7 fxe3 20. Qe6+ Rf7 21. fxe3 Bf6) 18. Qe2 Bd6 19. Rac1 Nb6 20. Qg4 Rae8 21. h4 fxg5 22. fxg5 Re7 ({Better is} 22... Qc8 $17 23. Qxc8 Nxc8) 23. Rce1 Ref7 24. h5 Bh2+ 25. Kh1 Bf4 26. Bh3 Kh8 27. Qg2 Qd6 28. Kg1 Nc8 29. g6 Rf6 30. Bxf4 Qxf4 31. gxh7 Qxd4 32. Bxc8 Rxc8 33. Re3 Rcf8 34. Rg3 Rh6 35. Rg5 Kxh7 36. Re1 Qf6 37. Ree5 Rg8 38. Qg3 g6 39. Qd3 Kh8 40. Qg3 Kh7 41. Kf1 Rg7 42. Qd3 Kh8 43. Re8+ Rg8 44. Rxg8+ Kxg8 45. Rg3 Kg7 46. Qe2 Kh7 47. Rf3 Qa1+ 48. Kg2 Rxh5 49. Qe7+ Kh6 50. Qf8+ Qg7 51. Qd6 Rg5+ 52. Kh3 Kh7 53. Rf4 Rf5 54. Rg4 Rxf2 55. Rh4+ Kg8 56. Qe6+ Qf7 57. Qc8+ $19 Qf8 58. Qe6+ Kg7 59. Qe5+ Rf6 60. Rg4 Qd6 61. Qd4 c5 62. Qe3 d4 63. Qe4 Qd7 64. Kg3 Re6 65. Qc2 Re3+ 66. Kh4 Qe7+ 67. Rg5 Re4+ 68. Kh3 Qxg5 0-1

[Event "Satka Autumn 2020"]
[Site "Satka"]
[Date "2020.10.29"]
[Round "9.13"]
[White "Nikulina, Anastasiya"]
[Black "Vanishvili, Mari"]
[Result "1-0"]
[ECO "C41"]
[WhiteElo "1604"]
[BlackElo "1878"]
[Annotator "NA RC"]
[PlyCount "71"]
[EventDate "2020.10.21"]
[EventType "swiss"]
[EventCountry "RUS"]
[SourceTitle "playchess.com"]
[Source "ChessBase"]
[SourceQuality "1"]
[TimeControl "5400+30"]

1. e4 e5 2. Nf3 d6 3. d4 exd4 4. Nxd4 Nf6 5. Nc3 Be7 6. Bf4 O-O 7. Qd2 a6 8. O-O-O b5 9. Rg1 (9. f3 $14) 9... Re8 10. Nf5 Bf8 {[%emt 0:09:55] Remove Defender} (10... Bxf5 $5 11. exf5 b4 $11) 11. f3 Bxf5 12. exf5 Nbd7 13. g4 b4 14. Nd5 c6 15. Nxf6+ Nxf6 16. Bxd6 Qa5 {[%emt 0:03:21] [#]} (16... Qb6 $1 $11 17. Bxf8 Qxg1 18. Bxg7 (18. Bxb4 Nd5 $11) 18... Kxg7 19. Qg5+ Kf8 20. Qxf6 Qe3+ {[%mdl 64] Double Attack} 21. Kb1 Rad8) 17. Bxf8 $1 Qxa2 18. Qxb4 Rxf8 19. Bc4 c5 20. Bxa2 cxb4 21. g5 Nh5 22. g6 a5 23. Rd4 Nf6 24. h4 Rab8 25. Rd6 Rfc8 $2 (25... Rfd8 {was worth a try.} 26. Bxf7+ (26. gxf7+ Kf8 $18) 26... Kf8) 26. Bxf7+ Kf8 27. Bb3 hxg6 28. fxg6 $18 Rc7 29. Ra6 Ke7 30. Rxa5 Rh8 31. Re1+ Kd6 32. Re6+ Kd7 33. Rxf6 Rxc2+ 34. Kxc2 Rc8+ 35. Kd3 gxf6 36. g7 1-0